Map: Dusk Towers

Players

IamDrizzt

  • Race: Protoss Protoss
  • League: Diamond

MorN - Winner!

  • Race: Terran Terran
  • League: Platinum

VOD

Have the link to the VOD?

Description

Time

  • Played on: Nov. 11, 2015, 9:57 p.m.
  • Length: 9:26
Show
View Real Time Build Order
Export as new Build Order

IamDrizzt Protoss 

Build Orders: Oracle Opening 

Get SALT Encoding   

  12  0:00  Probe (Chrono Boost)  
  13  0:11  Probe (Chrono Boost)  
  14  0:20  Pylon  
  14  0:23  Probe (Chrono Boost)  
  15  0:38  Probe (Chrono Boost)  
  16  0:44  Gateway  
  16  0:49  Probe (Chrono Boost)  
  17  0:59  Probe (Chrono Boost)  
  17  1:03  Assimilator  
  18  1:10  Probe (Chrono Boost)  
  19  1:17  Assimilator  
  19  1:20  Probe (Chrono Boost)  
  20  1:25  Pylon  
  20  1:31  Cybernetics Core, Probe (Chrono Boost)  
  21  1:41  Probe (Chrono Boost)  
  21  1:46  Gateway  
  22  1:52  Probe (Chrono Boost)  
  23  2:03  Probe (Chrono Boost)  
  23  2:08  Stargate  
  24  2:16  Probe (Chrono Boost)  
  24  2:18  Pylon  
  24  2:20  Warp Gate  
  25  2:23  Adept (Chrono Boost)  
  27  2:35  Pylon  
  27  2:39  Mothership Core  
  28  3:04  Oracle (Chrono Boost)  
  31  3:15  Adept x2  
  31  3:19  Pylon  
  35  3:20  Probe  
  36  3:32  Probe  
  37  3:35  Pylon  
  35  4:00  Oracle (Chrono Boost)  
  38  4:05  Pylon  
  38  4:14  Gateway  
  38  4:16  Gateway  
  38  4:18  Gateway  
  38  4:44  Pylon  
  38  5:11  Forge  
  38  5:13  Stalker x4  
  46  5:20  Oracle (Chrono Boost)  
  49  5:35  Pylon  
  49  5:42  Stalker  
  50  5:43  Stalker  
  52  5:51  Photon Cannon  
  52  5:56  Stalker x2  
  56  5:57  Stalker  
  58  6:16  Stalker  
  52  6:45  Nexus  
  52  6:48  Pylon  
  52  6:52  Protoss Ground Weapons Level 1 (Chrono Boost)  
  52  7:10  Nexus  
  52  7:14  Probe  
  53  7:26  Probe  
  53  7:27  Pylon  
  54  7:45  Probe  
  54  7:50  Pylon  
  55  7:56  Sentry x2  
  55  7:58  Sentry, Probe  
  62  8:03  Sentry  
  62  8:05  Pylon  
  64  8:10  Sentry  
  64  8:12  Probe  
  66  8:13  Probe  
  68  8:22  Probe  
  68  8:25  Probe  
  70  8:27  Probe  
  70  8:33  Probe  
  71  8:40  Mothership Core  
  67  8:47  Twilight Council  
  67  8:52  Probe, Pylon  
  67  8:53  Probe  
  69  9:00  Pylon  
  69  9:01  Probe  
  69  9:02  Probe  
  70  9:04  Probe  
  66  9:13  Probe  
Show
View Real Time Build Order
Export as new Build Order

MorN Terran - Winner!

Build Orders: Reaper Expand, MMM Bio 

Get SALT Encoding   

  12  0:00  SCV  
  13  0:13  SCV  
  14  0:17  Supply Depot  
  14  0:25  SCV  
  15  0:38  SCV  
  15  0:40  Barracks  
  16  0:46  Refinery  
  16  0:50  SCV  
  17  1:02  SCV  
  18  1:14  SCV  
  19  1:27  Orbital Command  
  19  1:30  Reaper  
  20  1:45  Command Center  
  20  1:53  SCV  
  21  2:02  Barracks Reactor  
  21  2:08  SCV  
  21  2:12  Supply Depot  
  22  2:24  SCV  
  23  2:31  Factory  
  23  2:37  SCV  
  24  2:40  Marine  
  24  2:50  SCV  
  25  2:55  Marine  
  25  2:58  Orbital Command, Marine  
  27  3:04  SCV  
  28  3:10  Command Center  
  28  3:13  Marine  
  28  3:15  Marine  
  28  3:16  SCV  
  28  3:18  Starport  
  31  3:21  Widow Mine  
  31  3:26  SCV  
  34  3:28  SCV  
  34  3:33  Marine x2  
  37  3:38  Supply Depot  
  37  3:52  Widow Mine  
  39  3:57  Medivac  
  38  4:04  SCV x2  
  38  4:05  Engineering Bay  
  40  4:11  Marine  
  40  4:12  Marine  
  42  4:21  Hellion  
  44  4:27  Orbital Command  
  44  4:34  Marine x2  
  44  4:37  Medivac  
  48  4:41  SCV  
  48  4:42  Missile Turret  
  48  4:43  Refinery, Barracks  
  48  4:44  Barracks  
  49  4:52  Marine  
  50  4:53  Factory Tech Lab  
  50  4:58  SCV  
  49  5:02  SCV  
  49  5:04  Missile Turret  
  49  5:06  SCV  
  51  5:11  SCV  
  51  5:12  Marine x2  
  51  5:14  Supply Depot, Bunker  
  54  5:15  Terran Infantry Weapons Level 1, SCV  
  54  5:20  Refinery  
  55  5:22  SCV  
  55  5:23  SCV  
  55  5:27  SCV  
  58  5:38  SCV  
  59  5:49  SCV x2, Factory Reactor  
  53  5:51  Supply Depot  
  53  5:52  Barracks Reactor  
  53  5:53  Barracks Tech Lab  
  53  5:55  SCV  
  53  5:56  Supply Depot  
  54  5:58  Starport Reactor  
  54  5:59  Stimpack, Marine x2  
  54  6:01  SCV  
  54  6:03  SCV  
  58  6:07  SCV, Marauder  
  61  6:14  SCV  
  61  6:15  Supply Depot  
  61  6:18  Marauder  
  64  6:21  SCV  
  64  6:23  Refinery  
  62  6:33  SCV  
  62  6:36  Marine x2  
  62  6:37  Marauder  
  62  6:39  Marauder  
  69  6:41  Barracks  
  69  6:42  Barracks  
  69  6:46  Medivac x2  
  73  6:47  SCV  
  74  6:57  Combat Shields  
  74  6:58  Widow Mine x2  
  74  6:59  SCV  
  79  7:03  Supply Depot  
  79  7:06  SCV  
  79  7:07  Supply Depot  
  80  7:08  Marine  
  80  7:09  Terran Infantry Armor Level 1, Marauder x2, Marine  
  80  7:12  SCV, Supply Depot  
  88  7:29  Orbital Command  
  87  7:33  Marine x2  
  87  7:34  Barracks Reactor, Barracks Tech Lab, Marauder x2  
  87  7:35  Widow Mine, Medivac  
  87  7:36  Widow Mine  
  87  7:37  SCV  
  98  7:44  Missile Turret  
  98  7:49  SCV  
  98  7:51  Marine x2  
  101  7:54  Engineering Bay  
  101  7:55  Marauder x2  
  101  7:56  Armory  
  101  7:58  SCV  
  106  8:03  Marine  
  106  8:04  Widow Mine  
  109  8:05  Widow Mine  
  109  8:08  Marine  
  112  8:16  Marauder x2  
  112  8:17  Marine x2  
  112  8:18  SCV  
  119  8:20  SCV x2  
  119  8:21  Marauder  
  119  8:23  Concussive Shells  
  123  8:30  SCV  
  123  8:32  SCV, Widow Mine  
  125  8:36  Widow Mine  
  125  8:40  Marauder  
  124  8:43  Marine  
  125  8:50  Supply Depot x3  
  125  8:51  Supply Depot  
  125  8:52  SCV, Marine x3  
  125  8:53  Marauder x2  
  133  8:58  Barracks  
  133  8:59  Barracks x2  
  133  9:06  Marine  
  133  9:12  SCV  
  149  9:22  Starport  
Tags
 
Add a new tag
Caveats
  • Supply blocks, unpowered buildings, or Contaminate may cause inaccurate times.
  • Supply counts are checked every 10 seconds.